Punishers vs Comets
(R1)
Created - December 20, 2021 at 19:05
Goals
|
| Punishers |
2 |
2 |
0 |
0 |
4 |
| Comets |
2 |
2 |
0 |
1 |
5 |
|
Shots
|
| Punishers |
8 |
12 |
6 |
0 |
26 |
| Comets |
8 |
15 |
7 |
1 |
31 |
|
1st period
1. Comets , Taylor Beck 6 (Brendan Gaunce 12, Dennis Everberg 5) at 11:21
2. Comets , Dennis Everberg 5 (Brendan Gaunce 13) at 12:13
3. Punishers , Zack Hamill 3 (Brett Kulak 2) at 18:46
4. Punishers , Corey Tropp 3 (Ben Betker 4, Zack Hamill 7) at 19:53 (PP)
Penalties :
Juuso Riikola (Uti) for Goalie Interference (Minor) at 5:20, John Quenneville (Pro) for Hooking (Minor) at 13:35, Andrej Nestrasil (Uti) for Delaying the game (Minor) at 19:38
2nd period
5. Punishers , Austen Brassard 1 (Anton Blidh 1, Noah Juulsen 1) at 4:10
6. Comets , Dennis Everberg 6 (Brendan Gaunce 14, Taylor Beck 8) at 5:58 (PP)
7. Punishers , Corey Tropp 4 (Zack Hamill 8, Tyler Bertuzzi 4) at 10:27
8. Comets , Brendan Lemieux 5 (Andrej Nestrasil 6) at 14:22
Penalties :
Corey Tropp (Pro) for High sticking (Minor) at 5:13, Joshua Leivo (Uti) for Roughing (Minor) at 16:09
3rd period
No Goal
Penalties :
John Quenneville (Pro) for Holding Stick (Minor) at 7:56, Noah Juulsen (Pro) for Tripping (Minor) at 13:57
Overtime #1
9. Comets , Dennis Everberg 7 (Seth Helgeson 4, Taylor Beck 9) at 0:12
Penalties :
No Penalty
Goalie Stats
Louis Domingue (Pro), 26 saves from 31 shots - (0.839), OTL, 2-3-1, 60:12 minutes
Thatcher Demko (Uti), 22 saves from 26 shots - (0.846), W, 1-0-0, 60:12 minutes
Players Stats for Punishers
Player Name G A P +/- PIM S H SB GA TA FO MP PP MP PK MP
------------------------------------------------------------------------------------
Alex Schoenborn 0 0 0 0 0 0 0 0 0 0 0/0 1:02 0:17 0:00
Alexander Nylander 0 0 0 0 0 0 0 0 0 0 0/0 2:33 0:00 2:12
Andreas Athanasiou 0 0 0 0 0 0 1 0 0 0 0/0 3:22 0:55 0:00
Anton Blidh 0 1 1 1 0 0 0 0 0 0 0/0 7:59 0:00 1:18
Artem Zub 0 0 0 1 0 0 0 1 1 0 0/0 20:41 2:06 2:37
Austen Brassard 1 0 1 1 0 1 0 0 0 0 0/0 6:53 0:03 0:00
Beck Malenstyn 0 0 0 0 0 0 0 0 0 0 0/0 0:00 0:00 0:00
Ben Betker 0 1 1 -2 0 0 4 1 1 1 0/0 26:24 2:07 3:58
Brett Kulak 0 1 1 -2 0 1 5 2 0 1 0/0 26:30 2:07 4:05
Carter Ashton 0 0 0 0 0 1 0 0 1 0 0/0 11:47 0:00 0:00
Chrstian Dvorak 0 0 0 0 0 5 0 0 1 1 1/2 16:33 1:54 0:00
Connor Clifton 0 0 0 0 0 1 0 2 0 1 0/0 13:01 0:00 0:00
Corey Tropp 2 0 2 -2 2 4 2 0 1 1 0/1 21:07 2:16 3:12
Daniel Audette 0 0 0 1 0 1 0 0 0 0 0/3 7:32 0:00 0:51
Gabriel Gagne 0 0 0 0 0 0 0 0 0 0 0/0 0:00 0:00 0:00
John Quenneville 0 0 0 0 4 0 1 0 0 0 4/4 11:47 0:00 0:00
Michael Joly 0 0 0 0 0 0 2 1 0 0 0/0 12:59 0:45 0:00
Nicolas Roy 0 0 0 0 0 0 0 0 0 0 0/0 0:00 0:00 0:00
Nikita Gusev 0 0 0 0 0 0 2 0 1 0 0/1 11:47 0:00 0:00
Niko Mikkola 0 0 0 0 0 2 2 1 0 0 0/0 13:58 0:00 0:57
Noah Juulsen 0 1 1 1 2 0 1 2 0 0 0/0 19:50 2:06 1:47
Radek Faksa 0 0 0 0 0 3 2 1 1 0 3/10 16:45 1:57 0:00
Tyler Bertuzzi 0 1 1 -1 0 2 2 1 0 1 1/1 19:39 2:16 1:54
Zack Hamill 1 2 3 -2 0 5 1 0 2 0 19/37 21:53 2:16 3:57
Players Stats for Comets
Player Name G A P +/- PIM S H SB GA TA FO MP PP MP PK MP
------------------------------------------------------------------------------------
Andrej Nestrasil 0 1 1 0 2 3 1 1 1 1 4/12 16:55 3:09 0:00
Axel Holmstrom 0 0 0 0 0 2 1 0 0 1 2/2 7:51 0:00 0:00
Brendan Gaunce 0 3 3 0 0 2 3 1 1 0 20/32 20:29 3:33 1:07
Brendan Lemieux 1 0 1 0 0 3 6 0 0 0 0/0 18:19 3:09 1:23
Brendan Perlini 0 0 0 0 0 3 1 0 1 1 0/0 8:06 0:00 0:15
Denis Gurianov 0 0 0 0 0 2 0 0 0 0 0/0 10:33 0:00 0:00
Dennis Everberg 3 1 4 1 0 5 2 1 1 0 0/1 22:46 3:33 2:29
Jordan Gross 0 0 0 0 0 0 0 0 0 0 0/0 0:00 0:00 0:00
Joshua Leivo 0 0 0 0 2 0 1 0 0 0 0/0 17:29 3:09 0:00
Juho Lammikko 0 0 0 0 0 3 1 0 0 0 0/1 7:51 0:00 0:00
Juuso Riikola 0 0 0 2 2 0 0 1 0 1 0/0 18:27 2:55 0:49
Kurtis Macdermid 0 0 0 -2 0 1 0 0 0 0 0/0 10:50 0:00 0:37
Nicolas Petan 0 0 0 0 0 0 2 0 1 0 3/6 10:33 0:00 0:00
Nikita Tryamkin 0 0 0 2 0 0 2 2 0 2 0/0 18:56 2:55 1:26
Oliver Kylington 0 0 0 -2 0 0 0 0 0 0 0/0 10:13 0:00 0:00
Olli Juolevi 0 0 0 0 0 1 1 0 0 0 0/0 4:58 0:00 0:00
Phil Di Giuseppe 0 0 0 0 0 0 0 0 0 0 0/0 0:22 0:00 0:00
Seth Helgeson 0 1 1 1 0 0 1 3 0 0 0/0 26:05 3:47 2:47
Taylor Beck 1 2 3 1 0 4 1 1 1 0 2/5 22:52 3:33 2:35
Teemu Pulkkinen 0 0 0 0 0 0 1 0 0 1 0/0 11:32 0:00 0:37
Tyler Graovac 0 0 0 0 0 0 0 0 0 0 0/0 0:22 0:00 0:00
Wiley Sherman 0 0 0 1 0 2 1 1 0 2 0/0 26:05 3:47 2:47
William Lagesson 0 0 0 0 0 0 0 0 0 0 0/0 4:58 0:00 0:00
3 Stars
1 - Dennis Everberg (Uti)
2 - Taylor Beck (Uti)
3 - Brendan Gaunce (Uti)
Power Play
Punishers - 1 on 3 Attempt(s) - 33.33%
Comets - 1 on 4 Attempt(s) - 25.00%
Penalty Kill
Punishers - 3 on 4 Attempt(s) - 75.00%
- Score 0 goal in Penalty Kill
Comets - 2 on 3 Attempt(s) - 66.67%
- Score 0 goal in Penalty Kill
Team Stat
Punishers - Hits : 25 - Faceoff Wins : 28 - Blocked Shots : 12 - Penalty Minutes : 8
Comets - Hits : 25 - Faceoff Wins : 31 - Blocked Shots : 11 - Penalty Minutes : 6
Official
Referees : Conor O'Donnell and Dan Kelly
Linesman : Trent Knorr and Tyson Baker
Game Notes
Andreas Athanasiou is injured at 10:23 of 1st period (Torn Left Knee Ligaments)
Dennis Everberg has scored a Hat Trick!
Finance
Level 1 -- Attendance: 1944 (97.20%) -- Ticket Income $68,040
Level 2 -- Attendance: 987 (98.70%) -- Ticket Income $14,805
Total Attendance: 2931 (97.70%)
Total Ticket Income: $82,845
Other Income: $4,142
Total Income: $86,987
Punishers
5 vs 5 Forward
Center Left Wing Right Wing Time % Phy DF OF
1 Zack Hamill Tyler Bertuzzi Corey Tropp 40 1 2 2
2 Radek Faksa Chrstian Dvorak Andreas Athanasiou 30 1 2 2
3 John Quenneville Nikita Gusev Carter Ashton 20 1 2 2
4 Daniel Audette Anton Blidh Austen Brassard 10 1 2 2
5 vs 5 Defense
Defense Defense Time % Phy DF OF
1 Brett Kulak Ben Betker 40 1 2 2
2 Artem Zub Noah Juulsen 30 1 2 2
3 Connor Clifton Niko Mikkola 20 1 2 2
4 Brett Kulak Ben Betker 10 1 2 2
PowerPlay Forward
Center Left Wing Right Wing Time % Phy DF OF
1 Zack Hamill Tyler Bertuzzi Corey Tropp 60 1 2 2
2 Radek Faksa Chrstian Dvorak Andreas Athanasiou 40 1 2 2
PowerPlay Defense
Defense Defense Time % Phy DF OF
1 Brett Kulak Ben Betker 60 1 2 2
2 Artem Zub Noah Juulsen 40 1 2 2
Penalty Kill 4 Players Forward
Center Wing Time % Phy DF OF
1 Zack Hamill Corey Tropp 60 1 2 2
2 Tyler Bertuzzi Andreas Athanasiou 40 1 2 2
Penalty Kill 4 Players Defense
Defense Defense Time % Phy DF OF
1 Brett Kulak Ben Betker 60 1 2 2
2 Artem Zub Noah Juulsen 40 1 2 2
Penalty Kill - 3 Players Forward
Forward Time % Phy DF OF
1 Zack Hamill 60 1 2 2
2 Corey Tropp 40 1 2 2
Penalty Kill - 3 Players Defense
Defense Defense Time % Phy DF OF
1 Brett Kulak Ben Betker 60 1 2 2
2 Artem Zub Noah Juulsen 40 1 2 2
4 vs 4 Forward
Center Wing Time % Phy DF OF
1 Zack Hamill Corey Tropp 60 1 2 2
2 Tyler Bertuzzi Andreas Athanasiou 40 1 2 2
4 vs 4 Defense
Defense Defense Time % Phy DF OF
1 Brett Kulak Ben Betker 60 1 2 2
2 Artem Zub Noah Juulsen 40 1 2 2
Last Minutes Offensive
Center Left Wing Right Wing Defense Defense
Zack Hamill Tyler Bertuzzi Corey Tropp Brett Kulak Ben Betker
Last Minutes Defensive
Center Left Wing Right Wing Defense Defense
Zack Hamill Tyler Bertuzzi Corey Tropp Brett Kulak Ben Betker
Goaltenders
Starting : Louis Domingue
Backup : Daniel Altshuller
Extra Forwards
Normal : Michael Joly, Alex Schoenborn, Alexander Nylander - PP : Michael Joly, Alex Schoenborn - PK : Alexander Nylander
Extra Defensemen
Normal : Connor Clifton, Niko Mikkola, Artem Zub - PP : Connor Clifton - PK : Niko Mikkola, Artem Zub
Penalty Shots
Zack Hamill, Corey Tropp, Tyler Bertuzzi, Andreas Athanasiou, Radek Faksa
Scratches
Austin Wagner (Healthy), Fredrik Claesson (Dislocated Patella Injury)
Comets
5 vs 5 Forward
Center Left Wing Right Wing Time % Phy DF OF
1 Brendan Gaunce Taylor Beck Dennis Everberg 40 1 2 2
2 Andrej Nestrasil Brendan Lemieux Joshua Leivo 30 1 2 2
3 Nicolas Petan Teemu Pulkkinen Denis Gurianov 20 1 2 2
4 Axel Holmstrom Brendan Perlini Juho Lammikko 10 1 2 2
5 vs 5 Defense
Defense Defense Time % Phy DF OF
1 Seth Helgeson Wiley Sherman 40 1 2 2
2 Nikita Tryamkin Juuso Riikola 30 1 2 2
3 Kurtis Macdermid Oliver Kylington 20 1 2 2
4 Olli Juolevi William Lagesson 10 1 2 2
PowerPlay Forward
Center Left Wing Right Wing Time % Phy DF OF
1 Brendan Gaunce Taylor Beck Dennis Everberg 60 1 2 2
2 Andrej Nestrasil Brendan Lemieux Joshua Leivo 40 1 2 2
PowerPlay Defense
Defense Defense Time % Phy DF OF
1 Seth Helgeson Wiley Sherman 60 1 2 2
2 Nikita Tryamkin Juuso Riikola 40 1 2 2
Penalty Kill 4 Players Forward
Center Wing Time % Phy DF OF
1 Taylor Beck Dennis Everberg 60 1 2 2
2 Brendan Gaunce Brendan Lemieux 40 1 2 2
Penalty Kill 4 Players Defense
Defense Defense Time % Phy DF OF
1 Seth Helgeson Wiley Sherman 60 1 2 2
2 Nikita Tryamkin Juuso Riikola 40 1 2 2
Penalty Kill - 3 Players Forward
Forward Time % Phy DF OF
1 Taylor Beck 60 1 2 2
2 Dennis Everberg 40 1 2 2
Penalty Kill - 3 Players Defense
Defense Defense Time % Phy DF OF
1 Seth Helgeson Wiley Sherman 60 1 2 2
2 Nikita Tryamkin Juuso Riikola 40 1 2 2
4 vs 4 Forward
Center Wing Time % Phy DF OF
1 Taylor Beck Dennis Everberg 60 1 2 2
2 Brendan Gaunce Brendan Lemieux 40 1 2 2
4 vs 4 Defense
Defense Defense Time % Phy DF OF
1 Seth Helgeson Wiley Sherman 60 1 2 2
2 Nikita Tryamkin Juuso Riikola 40 1 2 2
Last Minutes Offensive
Center Left Wing Right Wing Defense Defense
Brendan Gaunce Taylor Beck Dennis Everberg Seth Helgeson Wiley Sherman
Last Minutes Defensive
Center Left Wing Right Wing Defense Defense
Brendan Gaunce Taylor Beck Dennis Everberg Seth Helgeson Wiley Sherman
Goaltenders
Starting : Thatcher Demko
Backup : Marek Langhamer
Extra Forwards
Normal : Phil Di Giuseppe, Tyler Graovac, Teemu Pulkkinen - PP : Phil Di Giuseppe, Tyler Graovac - PK : Teemu Pulkkinen
Extra Defensemen
Normal : Jordan Gross, Kurtis Macdermid, Oliver Kylington - PP : Jordan Gross - PK : Kurtis Macdermid, Oliver Kylington
Penalty Shots
Taylor Beck, Dennis Everberg, Brendan Gaunce, Brendan Lemieux, Teemu Pulkkinen
Scratches
Anton Karlsson (Healthy), Anton Zlobin (Healthy), Jaedon Descheneau (Healthy), Jeremy Roy (Healthy), Mackenzie MacEachern (Healthy)
Taylor Leier (Healthy), Thomas DiPauli (Healthy), Rasmus Asplund (Healthy), Oskar Steen (Healthy), Dmitry Sokolov (Healthy)
Alexandar Georgiev (Exhaustion)
% Time on Ice - Punishers
Lines # - Real PCT - Wanted PCT - Time Play
Normal Forward
1 - 32% - 40% - 15:47
2 - 30% - 30% - 14:50
3 - 24% - 20% - 11:47
4 - 14% - 10% - 6:41
Normal Defense
1 - 38% - 40% - 18:27
2 - 33% - 30% - 15:58
3 - 27% - 20% - 13:01
4 - 3% - 10% - 1:39
PP Forward
1 - 54% - 60% - 2:16
2 - 46% - 40% - 1:57
PP Defense
1 - 50% - 60% - 2:07
2 - 50% - 40% - 2:06
PK Forward
1 - 72% - 60% - 4:48
2 - 28% - 40% - 1:54
PK Defense
1 - 61% - 60% - 4:05
2 - 39% - 40% - 2:37
PK3 Forward
1 - 0% - 60%
2 - 0% - 40%
PK3 Defense
1 - 0% - 60%
2 - 0% - 40%
44 Forward
1 - 100% - 60% - 0:12
2 - 0% - 40% - 0:00
44 Defense
1 - 100% - 60% - 0:12
2 - 0% - 40% - 0:00
Last Minute Offensive - 0:00
Last Minute Defensive - 0:00
Total
Forward - 60:12
Defense - 60:12
|
% Time on Ice - Comets
Lines # - Real PCT - Wanted PCT - Time Play
Normal Forward
1 - 34% - 40% - 16:32
2 - 29% - 30% - 14:09
3 - 21% - 20% - 10:33
4 - 16% - 10% - 7:51
Normal Defense
1 - 39% - 40% - 19:19
2 - 30% - 30% - 14:35
3 - 21% - 20% - 10:13
4 - 10% - 10% - 4:58
PP Forward
1 - 53% - 60% - 3:33
2 - 47% - 40% - 3:09
PP Defense
1 - 56% - 60% - 3:47
2 - 44% - 40% - 2:55
PK Forward
1 - 74% - 60% - 3:06
2 - 26% - 40% - 1:07
PK Defense
1 - 66% - 60% - 2:47
2 - 34% - 40% - 1:26
PK3 Forward
1 - 0% - 60%
2 - 0% - 40%
PK3 Defense
1 - 0% - 60%
2 - 0% - 40%
44 Forward
1 - 100% - 60% - 0:12
2 - 0% - 40% - 0:00
44 Defense
1 - 100% - 60% - 0:12
2 - 0% - 40% - 0:00
Last Minute Offensive - 0:00
Last Minute Defensive - 0:00
Total
Forward - 60:12
Defense - 60:12
|
Play-by-Play
1st period
0:01 of 1st period - Tyler Bertuzzi wins face-off versus Brendan Gaunce in neutral zone.
0:04 of 1st period - Wiley Sherman is hit by Brett Kulak and loses puck.
0:15 of 1st period - Snap shot by Corey Tropp.
0:15 of 1st period - Shot Misses the Net.
0:30 of 1st period - Slapshot by Radek Faksa.
0:30 of 1st period - Shot Misses the Net.
1:41 of 1st period - Olli Juolevi is hit by Radek Faksa and loses puck.
2:03 of 1st period - Snap shot by Radek Faksa.
2:03 of 1st period - Shot Misses the Net.
2:15 of 1st period - Wrist shot by Brendan Perlini.
2:15 of 1st period - Shot Misses the Net.
2:17 of 1st period - Slapshot by Olli Juolevi.
2:17 of 1st period - Shot Blocked by Niko Mikkola.
2:19 of 1st period - Slapshot by William Lagesson.
2:19 of 1st period - Deflect By Brendan Perlini.
2:19 of 1st period - Shot Blocked by Connor Clifton.
2:19 of 1st period - Puck is out of play.
2:20 of 1st period - Brendan Gaunce wins face-off versus Zack Hamill in Punishers zone.
2:46 of 1st period - Brendan Lemieux is hit by Ben Betker and loses puck.
3:15 of 1st period - Snap shot by Austen Brassard.
3:15 of 1st period - Shot Misses the Net.
5:11 of 1st period - John Quenneville is hit by Nikita Tryamkin and loses puck.
5:20 of 1st period - Minor Penalty to Juuso Riikola for Goalie Interference.
5:21 of 1st period - Zack Hamill wins face-off versus Taylor Beck in Comets zone.
5:46 of 1st period - Seth Helgeson is hit by Andreas Athanasiou and loses puck.
6:06 of 1st period - Icing by Tyler Bertuzzi.
6:07 of 1st period - Zack Hamill wins face-off versus Brendan Gaunce in Punishers zone.
6:58 of 1st period - Icing by Andreas Athanasiou.
6:59 of 1st period - Brendan Gaunce wins face-off versus Radek Faksa in Punishers zone.
7:00 of 1st period - Wrist shot by Brendan Lemieux.
7:00 of 1st period - Shot Misses the Net.
7:20 of 1st period - Penalty to Juuso Riikola is over, Juuso Riikola is back on ice.
7:35 of 1st period - Seth Helgeson is hit by Brett Kulak and loses puck.
7:54 of 1st period - Snap shot by Andreas Athanasiou.
7:54 of 1st period - Shot Blocked by Seth Helgeson.
7:56 of 1st period - Wrist shot by Chrstian Dvorak.
7:56 of 1st period - Shot Blocked by Seth Helgeson.
7:58 of 1st period - Snap shot by Chrstian Dvorak.
7:58 of 1st period - Stopped by Thatcher Demko with a rebound.
8:10 of 1st period - Wrist shot by Denis Gurianov.
8:10 of 1st period - Stopped by Louis Domingue without a rebound.
8:11 of 1st period - Andrej Nestrasil wins face-off versus Daniel Audette in Punishers zone.
8:20 of 1st period - Wrist shot by Andrej Nestrasil.
8:20 of 1st period - Stopped by Louis Domingue with a rebound.
8:36 of 1st period - Brendan Gaunce is hit by Tyler Bertuzzi and loses puck.
9:21 of 1st period - Snap shot by Carter Ashton.
9:21 of 1st period - Shot Misses the Net.
9:23 of 1st period - Wrist shot by Carter Ashton.
9:23 of 1st period - Shot Misses the Net.
10:04 of 1st period - Anton Blidh is hit by Nicolas Petan.
10:12 of 1st period - Wrist shot by Anton Blidh.
10:12 of 1st period - Shot Misses the Net.
10:22 of 1st period - Andreas Athanasiou is hit by Olli Juolevi and loses puck.
10:23 of 1st period - Andreas Athanasiou from Punishers is injured at 10:23 of 1st period (Torn Left Knee Ligaments).
10:24 of 1st period - Zack Hamill wins face-off versus Brendan Gaunce in Punishers zone.
10:56 of 1st period - Snap shot by Chrstian Dvorak.
10:56 of 1st period - Stopped by Thatcher Demko without a rebound.
10:57 of 1st period - Andrej Nestrasil wins face-off versus Radek Faksa in Comets zone.
11:04 of 1st period - Noah Juulsen is hit by Andrej Nestrasil and loses puck.
11:13 of 1st period - Wrist shot by Andrej Nestrasil.
11:13 of 1st period - Shot Misses the Net.
11:15 of 1st period - Slapshot by Brendan Lemieux.
11:15 of 1st period - Stopped by Louis Domingue without a rebound.
11:16 of 1st period - Brendan Gaunce wins face-off versus Zack Hamill in Punishers zone.
11:19 of 1st period - Wrist shot by Brendan Gaunce.
11:19 of 1st period - Stopped by Louis Domingue with a rebound.
11:21 of 1st period - Wrist shot by Taylor Beck.
11:21 of 1st period - Goal by Taylor Beck - Punishers : 0 - Comets : 1.
11:22 of 1st period - Zack Hamill wins face-off versus Brendan Gaunce in neutral zone.
11:25 of 1st period - Snap shot by Zack Hamill.
11:25 of 1st period - Stopped by Thatcher Demko with a rebound.
11:27 of 1st period - Wrist shot by Corey Tropp.
11:27 of 1st period - Stopped by Thatcher Demko without a rebound.
11:28 of 1st period - Brendan Gaunce wins face-off versus Zack Hamill in Comets zone.
11:57 of 1st period - Wrist shot by Brendan Lemieux.
11:57 of 1st period - Stopped by Louis Domingue without a rebound.
11:58 of 1st period - Andrej Nestrasil wins face-off versus Radek Faksa in Punishers zone.
12:11 of 1st period - Snap shot by Joshua Leivo.
12:11 of 1st period - Deflect By Radek Faksa.
12:11 of 1st period - Shot Hit the Post.
12:11 of 1st period - Puck is out of play.
12:12 of 1st period - Brendan Gaunce wins face-off versus Zack Hamill in Punishers zone.
12:13 of 1st period - Snap shot by Dennis Everberg.
12:13 of 1st period - Goal by Dennis Everberg - Punishers : 0 - Comets : 2.
12:14 of 1st period - Brendan Gaunce wins face-off versus Zack Hamill in neutral zone.
12:30 of 1st period - Wrist shot by Zack Hamill.
12:30 of 1st period - Deflect By Brendan Gaunce.
12:30 of 1st period - Shot Blocked by Brendan Gaunce.
12:30 of 1st period - Puck is out of play.
12:31 of 1st period - John Quenneville wins face-off versus Andrej Nestrasil in Comets zone.
12:34 of 1st period - Snap shot by John Quenneville.
12:34 of 1st period - Shot Blocked by Wiley Sherman.
12:56 of 1st period - Taylor Beck is hit by Ben Betker and loses puck.
13:03 of 1st period - Slapshot by Corey Tropp.
13:03 of 1st period - Shot Misses the Net.
13:29 of 1st period - Icing by Wiley Sherman.
13:30 of 1st period - Nicolas Petan wins face-off versus Nikita Gusev in Comets zone.
13:30 of 1st period - Nicolas Petan is hit by Nikita Gusev.
13:35 of 1st period - Minor Penalty to John Quenneville for Hooking.
13:36 of 1st period - Brendan Gaunce wins face-off versus Zack Hamill in Punishers zone.
13:36 of 1st period - Wrist shot by Dennis Everberg.
13:36 of 1st period - Shot Blocked by Brett Kulak.
15:35 of 1st period - Penalty to John Quenneville is over, John Quenneville is back on ice.
16:03 of 1st period - Off-side.
16:04 of 1st period - John Quenneville wins face-off versus Juho Lammikko in neutral zone.
17:19 of 1st period - Slapshot by Dennis Everberg.
17:19 of 1st period - Deflect By Taylor Beck.
17:19 of 1st period - Deflect By Ben Betker.
17:19 of 1st period - Stopped by Louis Domingue without a rebound.
17:20 of 1st period - Brendan Gaunce wins face-off versus Zack Hamill in Punishers zone.
17:31 of 1st period - Snap shot by Dennis Everberg.
17:31 of 1st period - Shot Misses the Net.
17:33 of 1st period - Snap shot by Taylor Beck.
17:33 of 1st period - Shot Blocked by Tyler Bertuzzi.
17:47 of 1st period - Radek Faksa is hit by Joshua Leivo and loses puck.
18:46 of 1st period - Slapshot by Zack Hamill.
18:46 of 1st period - Goal by Zack Hamill - Punishers : 1 - Comets : 2.
18:47 of 1st period - Zack Hamill wins face-off versus Brendan Gaunce in neutral zone.
18:58 of 1st period - Wrist shot by Zack Hamill.
18:58 of 1st period - Shot Blocked by Juuso Riikola.
19:00 of 1st period - Slapshot by Ben Betker.
19:00 of 1st period - Shot Misses the Net.
19:02 of 1st period - Wrist shot by Tyler Bertuzzi.
19:02 of 1st period - Stopped by Thatcher Demko with a rebound.
19:12 of 1st period - Nikita Tryamkin is hit by Brett Kulak and loses puck.
19:25 of 1st period - Wrist shot by John Quenneville.
19:25 of 1st period - Shot Misses the Net.
19:38 of 1st period - Minor Penalty to Andrej Nestrasil for Delaying the game.
19:39 of 1st period - Zack Hamill wins face-off versus Taylor Beck in Comets zone.
19:49 of 1st period - Snap shot by Zack Hamill.
19:49 of 1st period - Stopped by Thatcher Demko with a rebound.
19:51 of 1st period - Wrist shot by Zack Hamill.
19:51 of 1st period - Shot Blocked by Seth Helgeson.
19:53 of 1st period - Slapshot by Ben Betker.
19:53 of 1st period - Deflect By Corey Tropp.
19:53 of 1st period - Goal by Corey Tropp - Punishers : 2 - Comets : 2.
19:54 of 1st period - Zack Hamill wins face-off versus Brendan Gaunce in neutral zone.
19:59 of 1st period - Snap shot by Zack Hamill.
19:59 of 1st period - Shot Misses the Net.
Goals for this period are 2 for Punishers vs 2 for Comets.
Shots for this period are 8 for Punishers vs 8 for Comets.
2nd period
0:01 of 2nd period - Brendan Gaunce wins face-off versus Zack Hamill in neutral zone.
0:06 of 2nd period - Snap shot by Brendan Gaunce.
0:06 of 2nd period - Stopped by Louis Domingue with a rebound.
0:16 of 2nd period - Slapshot by Corey Tropp.
0:16 of 2nd period - Stopped by Thatcher Demko with a rebound.
0:26 of 2nd period - Chrstian Dvorak is hit by Brendan Lemieux and loses puck.
1:21 of 2nd period - Axel Holmstrom is hit by Brett Kulak.
1:33 of 2nd period - Corey Tropp is hit by Brendan Gaunce and loses puck.
2:03 of 2nd period - Artem Zub is hit by Brendan Lemieux and loses puck.
2:55 of 2nd period - Corey Tropp is hit by Dennis Everberg and loses puck.
3:50 of 2nd period - Connor Clifton is hit by Nicolas Petan and loses puck.
4:10 of 2nd period - Wrist shot by Anton Blidh.
4:10 of 2nd period - Deflect By Austen Brassard.
4:10 of 2nd period - Goal by Austen Brassard - Punishers : 3 - Comets : 2.
4:11 of 2nd period - Zack Hamill wins face-off versus Brendan Gaunce in neutral zone.
4:35 of 2nd period - Dennis Everberg is hit by Brett Kulak and loses puck.
4:58 of 2nd period - Wrist shot by Brendan Perlini.
4:58 of 2nd period - Shot Hit the Post.
5:00 of 2nd period - Slapshot by Wiley Sherman.
5:00 of 2nd period - Shot Misses the Net.
5:02 of 2nd period - Slapshot by Wiley Sherman.
5:02 of 2nd period - Shot Blocked by Ben Betker.
5:04 of 2nd period - Wrist shot by Axel Holmstrom.
5:04 of 2nd period - Shot Misses the Net.
5:08 of 2nd period - Snap shot by Brendan Perlini.
5:08 of 2nd period - Shot Blocked by Radek Faksa.
5:10 of 2nd period - Slapshot by Wiley Sherman.
5:10 of 2nd period - Deflect By Brendan Perlini.
5:10 of 2nd period - Shot Blocked by Brett Kulak.
5:10 of 2nd period - Puck is out of play.
5:11 of 2nd period - Zack Hamill wins face-off versus Taylor Beck in Punishers zone.
5:13 of 2nd period - Minor Penalty to Corey Tropp for High sticking.
5:14 of 2nd period - Brendan Gaunce wins face-off versus Zack Hamill in Punishers zone.
5:22 of 2nd period - Snap shot by Dennis Everberg.
5:22 of 2nd period - Shot Misses the Net.
5:24 of 2nd period - Snap shot by Taylor Beck.
5:24 of 2nd period - Deflect By Zack Hamill.
5:24 of 2nd period - Stopped by Louis Domingue with a rebound.
5:26 of 2nd period - Slapshot by Wiley Sherman.
5:26 of 2nd period - Stopped by Louis Domingue with a rebound.
5:50 of 2nd period - Slapshot by Andrej Nestrasil.
5:50 of 2nd period - Stopped by Louis Domingue without a rebound.
5:51 of 2nd period - Brendan Gaunce wins face-off versus Zack Hamill in Punishers zone.
5:56 of 2nd period - Snap shot by Brendan Gaunce.
5:56 of 2nd period - Shot Misses the Net.
5:58 of 2nd period - Snap shot by Dennis Everberg.
5:58 of 2nd period - Goal by Dennis Everberg - Punishers : 3 - Comets : 3.
5:59 of 2nd period - Brendan Gaunce wins face-off versus Zack Hamill in neutral zone.
6:07 of 2nd period - Seth Helgeson is hit by Corey Tropp and loses puck.
7:05 of 2nd period - Slapshot by Oliver Kylington.
7:05 of 2nd period - Shot Misses the Net.
7:07 of 2nd period - Slapshot by Kurtis Macdermid.
7:07 of 2nd period - Stopped by Louis Domingue with a rebound.
7:09 of 2nd period - Slapshot by Olli Juolevi.
7:09 of 2nd period - Stopped by Louis Domingue with a rebound.
7:11 of 2nd period - Snap shot by Axel Holmstrom.
7:11 of 2nd period - Stopped by Louis Domingue without a rebound.
7:12 of 2nd period - Brendan Gaunce wins face-off versus Zack Hamill in Punishers zone.
7:25 of 2nd period - Wrist shot by Dennis Everberg.
7:25 of 2nd period - Stopped by Louis Domingue with a rebound.
7:38 of 2nd period - Off-side.
7:39 of 2nd period - Radek Faksa wins face-off versus Andrej Nestrasil in neutral zone.
8:04 of 2nd period - Taylor Beck is hit by Tyler Bertuzzi and loses puck.
8:09 of 2nd period - Snap shot by Corey Tropp.
8:09 of 2nd period - Shot Blocked by Taylor Beck.
8:11 of 2nd period - Slapshot by Brett Kulak.
8:11 of 2nd period - Shot Blocked by Dennis Everberg.
8:13 of 2nd period - Slapshot by Brett Kulak.
8:13 of 2nd period - Stopped by Thatcher Demko without a rebound.
8:14 of 2nd period - Zack Hamill wins face-off versus Andrej Nestrasil in Comets zone.
8:15 of 2nd period - Snap shot by Corey Tropp.
8:15 of 2nd period - Deflect By Tyler Bertuzzi.
8:15 of 2nd period - Stopped by Thatcher Demko with a rebound.
8:45 of 2nd period - Slapshot by Radek Faksa.
8:45 of 2nd period - Stopped by Thatcher Demko with a rebound.
8:47 of 2nd period - Wrist shot by Michael Joly.
8:47 of 2nd period - Shot Blocked by Nikita Tryamkin.
8:49 of 2nd period - Backhand shot by Radek Faksa.
8:49 of 2nd period - Deflect By Chrstian Dvorak.
8:49 of 2nd period - Stopped by Thatcher Demko without a rebound.
8:50 of 2nd period - Radek Faksa wins face-off versus Brendan Gaunce in Comets zone.
9:15 of 2nd period - Dennis Everberg is hit by Nikita Gusev and loses puck.
9:28 of 2nd period - Wrist shot by Taylor Beck.
9:28 of 2nd period - Shot Blocked by Connor Clifton.
9:36 of 2nd period - Connor Clifton is hit by Brendan Gaunce and loses puck.
9:52 of 2nd period - Slapshot by Taylor Beck.
9:52 of 2nd period - Stopped by Louis Domingue with a rebound.
10:15 of 2nd period - Snap shot by Ben Betker.
10:15 of 2nd period - Shot Blocked by Nikita Tryamkin.
10:17 of 2nd period - Wrist shot by Carter Ashton.
10:17 of 2nd period - Stopped by Thatcher Demko without a rebound.
10:18 of 2nd period - Zack Hamill wins face-off versus Andrej Nestrasil in Comets zone.
10:23 of 2nd period - Slapshot by Zack Hamill.
10:23 of 2nd period - Shot Misses the Net.
10:25 of 2nd period - Wrist shot by Corey Tropp.
10:25 of 2nd period - Shot Misses the Net.
10:27 of 2nd period - Slapshot by Corey Tropp.
10:27 of 2nd period - Goal by Corey Tropp - Punishers : 4 - Comets : 3.
10:28 of 2nd period - Zack Hamill wins face-off versus Andrej Nestrasil in neutral zone.
10:37 of 2nd period - Wrist shot by Zack Hamill.
10:37 of 2nd period - Shot Misses the Net.
10:55 of 2nd period - Teemu Pulkkinen is hit by Michael Joly and loses puck.
11:02 of 2nd period - Slapshot by Denis Gurianov.
11:02 of 2nd period - Shot Hit the Post.
11:24 of 2nd period - Noah Juulsen is hit by Juho Lammikko and loses puck.
11:29 of 2nd period - Slapshot by Juho Lammikko.
11:29 of 2nd period - Stopped by Louis Domingue with a rebound.
11:48 of 2nd period - Snap shot by Brendan Lemieux.
11:48 of 2nd period - Shot Blocked by Artem Zub.
11:50 of 2nd period - Snap shot by Andrej Nestrasil.
11:50 of 2nd period - Shot Misses the Net.
12:32 of 2nd period - Wrist shot by Radek Faksa.
12:32 of 2nd period - Deflect By Michael Joly.
12:32 of 2nd period - Shot Misses the Net.
12:32 of 2nd period - Puck is out of play.
12:33 of 2nd period - Chrstian Dvorak wins face-off versus Andrej Nestrasil in Comets zone.
13:00 of 2nd period - Tyler Bertuzzi is hit by Brendan Gaunce and loses puck.
13:07 of 2nd period - Taylor Beck is hit by Corey Tropp and loses puck.
13:51 of 2nd period - Snap shot by John Quenneville.
13:51 of 2nd period - Deflect By Carter Ashton.
13:51 of 2nd period - Shot Misses the Net.
13:51 of 2nd period - Puck is out of play.
13:52 of 2nd period - Brendan Gaunce wins face-off versus Zack Hamill in Comets zone.
13:57 of 2nd period - Dennis Everberg is hit by Ben Betker and loses puck.
14:06 of 2nd period - Wrist shot by Zack Hamill.
14:06 of 2nd period - Stopped by Thatcher Demko without a rebound.
14:07 of 2nd period - Zack Hamill wins face-off versus Andrej Nestrasil in Comets zone.
14:08 of 2nd period - Snap shot by Tyler Bertuzzi.
14:08 of 2nd period - Shot Misses the Net.
14:18 of 2nd period - Snap shot by Andrej Nestrasil.
14:18 of 2nd period - Shot Misses the Net.
14:20 of 2nd period - Snap shot by Andrej Nestrasil.
14:20 of 2nd period - Stopped by Louis Domingue with a rebound.
14:22 of 2nd period - Snap shot by Brendan Lemieux.
14:22 of 2nd period - Goal by Brendan Lemieux - Punishers : 4 - Comets : 4.
14:23 of 2nd period - Brendan Gaunce wins face-off versus Zack Hamill in neutral zone.
14:25 of 2nd period - Off-side.
14:26 of 2nd period - Zack Hamill wins face-off versus Dennis Everberg in neutral zone.
14:31 of 2nd period - Tyler Bertuzzi is hit by Taylor Beck and loses puck.
14:54 of 2nd period - Slapshot by Teemu Pulkkinen.
14:54 of 2nd period - Shot Hit the Post.
15:14 of 2nd period - Snap shot by Zack Hamill.
15:14 of 2nd period - Stopped by Thatcher Demko with a rebound.
15:34 of 2nd period - Slapshot by Radek Faksa.
15:34 of 2nd period - Stopped by Thatcher Demko with a rebound.
15:38 of 2nd period - Snap shot by Radek Faksa.
15:38 of 2nd period - Shot Misses the Net.
15:40 of 2nd period - Backhand shot by Radek Faksa.
15:40 of 2nd period - Shot Misses the Net.
15:42 of 2nd period - Wrist shot by Chrstian Dvorak.
15:42 of 2nd period - Stopped by Thatcher Demko without a rebound.
15:43 of 2nd period - Brendan Gaunce wins face-off versus Radek Faksa in Comets zone.
16:09 of 2nd period - Minor Penalty to Joshua Leivo for Roughing.
16:10 of 2nd period - Taylor Beck wins face-off versus Chrstian Dvorak in Comets zone.
16:35 of 2nd period - Taylor Beck is hit by Zack Hamill and loses puck.
16:58 of 2nd period - Brendan Lemieux is hit by Michael Joly and loses puck.
17:50 of 2nd period - Tyler Bertuzzi is hit by Teemu Pulkkinen and loses puck.
18:09 of 2nd period - Penalty to Joshua Leivo is over, Joshua Leivo is back on ice.
18:54 of 2nd period - Snap shot by Brendan Perlini.
18:54 of 2nd period - Stopped by Louis Domingue without a rebound.
18:55 of 2nd period - Nicolas Petan wins face-off versus Daniel Audette in Punishers zone.
19:28 of 2nd period - Wrist shot by Brendan Perlini.
19:28 of 2nd period - Stopped by Louis Domingue with a rebound.
Goals for this period are 2 for Punishers vs 2 for Comets.
Shots for this period are 12 for Punishers vs 15 for Comets.
3rd period
0:01 of 3rd period - Zack Hamill wins face-off versus Brendan Gaunce in neutral zone.
1:11 of 3rd period - Wrist shot by Juho Lammikko.
1:11 of 3rd period - Deflect By Axel Holmstrom.
1:11 of 3rd period - Stopped by Louis Domingue without a rebound.
1:12 of 3rd period - Axel Holmstrom wins face-off versus Zack Hamill in Punishers zone.
1:37 of 3rd period - Andrej Nestrasil is hit by Ben Betker.
2:08 of 3rd period - Snap shot by Chrstian Dvorak.
2:08 of 3rd period - Stopped by Thatcher Demko with a rebound.
2:10 of 3rd period - Wrist shot by Chrstian Dvorak.
2:10 of 3rd period - Shot Misses the Net.
2:12 of 3rd period - Slapshot by Niko Mikkola.
2:12 of 3rd period - Stopped by Thatcher Demko with a rebound.
2:26 of 3rd period - Wrist shot by Denis Gurianov.
2:26 of 3rd period - Stopped by Louis Domingue with a rebound.
3:10 of 3rd period - Slapshot by Juho Lammikko.
3:10 of 3rd period - Deflect By Axel Holmstrom.
3:10 of 3rd period - Shot Misses the Net.
3:10 of 3rd period - Puck is out of play.
3:11 of 3rd period - Axel Holmstrom wins face-off versus Radek Faksa in Punishers zone.
3:20 of 3rd period - Slapshot by Juho Lammikko.
3:20 of 3rd period - Stopped by Louis Domingue with a rebound.
3:22 of 3rd period - Backhand shot by Wiley Sherman.
3:22 of 3rd period - Deflect By Radek Faksa.
3:22 of 3rd period - Stopped by Louis Domingue with a rebound.
3:24 of 3rd period - Backhand shot by Seth Helgeson.
3:24 of 3rd period - Deflect By Brendan Perlini.
3:24 of 3rd period - Shot Misses the Net.
3:24 of 3rd period - Puck is out of play.
3:25 of 3rd period - Brendan Gaunce wins face-off versus Zack Hamill in Punishers zone.
4:03 of 3rd period - Seth Helgeson is hit by Noah Juulsen and loses puck.
4:24 of 3rd period - Backhand shot by Radek Faksa.
4:24 of 3rd period - Stopped by Thatcher Demko without a rebound.
4:25 of 3rd period - Brendan Gaunce wins face-off versus Zack Hamill in Comets zone.
5:06 of 3rd period - Nikita Gusev is hit by Brendan Lemieux and loses puck.
5:23 of 3rd period - Snap shot by Daniel Audette.
5:23 of 3rd period - Stopped by Thatcher Demko with a rebound.
5:25 of 3rd period - Slapshot by Connor Clifton.
5:25 of 3rd period - Shot Misses the Net.
5:27 of 3rd period - Slapshot by Niko Mikkola.
5:27 of 3rd period - Stopped by Thatcher Demko with a rebound.
5:29 of 3rd period - Slapshot by Connor Clifton.
5:29 of 3rd period - Deflect By Nicolas Petan.
5:29 of 3rd period - Stopped by Thatcher Demko without a rebound.
5:30 of 3rd period - Brendan Gaunce wins face-off versus Zack Hamill in Comets zone.
5:55 of 3rd period - Andrej Nestrasil is hit by Radek Faksa.
7:23 of 3rd period - Snap shot by Andrej Nestrasil.
7:23 of 3rd period - Shot Misses the Net.
7:25 of 3rd period - Slapshot by Andrej Nestrasil.
7:25 of 3rd period - Shot Misses the Net.
7:27 of 3rd period - Snap shot by Joshua Leivo.
7:27 of 3rd period - Shot Misses the Net.
7:48 of 3rd period - Wrist shot by Juho Lammikko.
7:48 of 3rd period - Stopped by Louis Domingue with a rebound.
7:56 of 3rd period - Minor Penalty to John Quenneville for Holding Stick.
7:57 of 3rd period - Zack Hamill wins face-off versus Brendan Gaunce in Punishers zone.
8:56 of 3rd period - Icing by Joshua Leivo.
8:57 of 3rd period - Zack Hamill wins face-off versus Andrej Nestrasil in Comets zone.
9:56 of 3rd period - Penalty to John Quenneville is over, John Quenneville is back on ice.
10:07 of 3rd period - Off-side.
10:08 of 3rd period - John Quenneville wins face-off versus Nicolas Petan in neutral zone.
10:34 of 3rd period - Off-side.
10:35 of 3rd period - Brendan Gaunce wins face-off versus Radek Faksa in neutral zone.
10:40 of 3rd period - Slapshot by Seth Helgeson.
10:40 of 3rd period - Shot Misses the Net.
11:15 of 3rd period - Snap shot by Dennis Everberg.
11:15 of 3rd period - Stopped by Louis Domingue with a rebound.
11:27 of 3rd period - Zack Hamill is hit by Brendan Lemieux and loses puck.
11:36 of 3rd period - Wrist shot by Brendan Lemieux.
11:36 of 3rd period - Shot Blocked by Noah Juulsen.
11:54 of 3rd period - Backhand shot by Brendan Perlini.
11:54 of 3rd period - Stopped by Louis Domingue with a rebound.
12:28 of 3rd period - Brendan Lemieux is hit by Niko Mikkola and loses puck.
12:35 of 3rd period - Snap shot by Zack Hamill.
12:35 of 3rd period - Shot Blocked by Andrej Nestrasil.
12:47 of 3rd period - Brett Kulak is hit by Brendan Perlini and loses puck.
12:58 of 3rd period - Brendan Perlini is hit by John Quenneville and loses puck.
13:10 of 3rd period - Off-side.
13:11 of 3rd period - Radek Faksa wins face-off versus Nicolas Petan in neutral zone.
13:37 of 3rd period - Radek Faksa is hit by Seth Helgeson and loses puck.
13:50 of 3rd period - Snap shot by Chrstian Dvorak.
13:50 of 3rd period - Deflect By Brendan Lemieux.
13:50 of 3rd period - Shot Misses the Net.
13:50 of 3rd period - Puck is out of play.
13:51 of 3rd period - Zack Hamill wins face-off versus Brendan Gaunce in Comets zone.
13:57 of 3rd period - Minor Penalty to Noah Juulsen for Tripping.
13:58 of 3rd period - Zack Hamill wins face-off versus Brendan Gaunce in Punishers zone.
15:24 of 3rd period - Daniel Audette is hit by Wiley Sherman and loses puck.
15:41 of 3rd period - Brett Kulak is hit by Nikita Tryamkin and loses puck.
15:57 of 3rd period - Penalty to Noah Juulsen is over, Noah Juulsen is back on ice.
16:36 of 3rd period - Icing by Denis Gurianov.
16:37 of 3rd period - Nicolas Petan wins face-off versus Radek Faksa in Comets zone.
16:37 of 3rd period - Nicolas Petan is hit by Niko Mikkola.
16:43 of 3rd period - Niko Mikkola is hit by Axel Holmstrom and loses puck.
17:11 of 3rd period - Zack Hamill is hit by Brendan Lemieux and loses puck.
17:32 of 3rd period - Wrist shot by Corey Tropp.
17:32 of 3rd period - Deflect By Tyler Bertuzzi.
17:32 of 3rd period - Shot Misses the Net.
17:32 of 3rd period - Puck is out of play.
17:33 of 3rd period - John Quenneville wins face-off versus Nicolas Petan in Comets zone.
18:00 of 3rd period - Chrstian Dvorak is hit by Dennis Everberg and loses puck.
18:23 of 3rd period - Snap shot by Daniel Audette.
18:23 of 3rd period - Deflect By Austen Brassard.
18:23 of 3rd period - Shot Misses the Net.
18:23 of 3rd period - Puck is out of play.
18:24 of 3rd period - Andrej Nestrasil wins face-off versus Daniel Audette in Comets zone.
18:54 of 3rd period - Slapshot by Nikita Tryamkin.
18:54 of 3rd period - Shot Blocked by Noah Juulsen.
19:28 of 3rd period - Connor Clifton is hit by Brendan Lemieux and loses puck.
19:45 of 3rd period - Wrist shot by Teemu Pulkkinen.
19:45 of 3rd period - Shot Blocked by Michael Joly.
Goals for this period are 0 for Punishers vs 0 for Comets.
Shots for this period are 6 for Punishers vs 7 for Comets.
Overtime #1
0:01 of 1st overtime period - Taylor Beck wins face-off versus Corey Tropp in neutral zone.
0:12 of 1st overtime period - Snap shot by Dennis Everberg.
0:12 of 1st overtime period - Goal by Dennis Everberg - Punishers : 4 - Comets : 5.
Goals for this period are 0 for Punishers vs 1 for Comets.
Shots for this period are 0 for Punishers vs 1 for Comets.
Output by the SimonT Hockey Simulator (STHS) for Francois Prevost